 Dungeon Crawl Stone Soup version 0.31-a0-702-gf82c85558f (webtiles) character file.

Game seed: 1649732654494046166

51 qw the Shooter (level 3, -3/22 HPs)
             Began as a Gargoyle Hunter on Sept 8, 2023.
             Slain by a gnoll
             ... wielding a +2 spear of pain
              (4 damage)
             ... on level 2 of the Dungeon.
             The game lasted 00:00:25 (1125 turns).

qw the Shooter (Gargoyle Hunter)                    Turns: 1125, Time: 00:00:26

Health: -3/22      AC:  8    Str: 20    XL:     3   Next: 83%
Magic:  3/3        EV: 11    Int:  9    God:
Gold:   194        SH:  0    Dex: 15    Spells: 2/2 levels left

rFire   . . .        Y - +0 shortbow (chaos)
rCold   . . .        (shield currently unavailable)
rNeg    + . .        c - +0 leather armour
rPois   inf          n - +1 helmet
rElec   +            (no cloak)
rCorr   .            (no gloves)
SInv    .            (no boots)
Will    .....        (no amulet)
Stlth   ++           l - +6 ring of strength
HPRegen 0.23/turn    (no ring)
MPRegen 0.08/turn

%: no passive effects
@: no status effects
A: sickness immunity, AC +3, negative energy resistance 1, electricity
resistance, torment resistance 1, petrification resistance
a: no special abilities


You were on level 2 of the Dungeon.
You visited 1 branch of the dungeon, and saw 3 of its levels.

You collected 194 gold pieces.


Innate Abilities, Weirdness & Mutations

You are immune to sickness and miasma.
Your stone body is resilient. (AC +3)
You are immune to poison.
You resist negative energy. (rN+)
You are resistant to electric shocks. (rElec)
You are resistant to unholy torment.
You are immune to petrification.


   Skills:
 + Level 2.8 Fighting
 - Level 5.1 Ranged Weapons
 - Level 1.5 Dodging
 - Level 1.1 Stealth


You had 2 spell levels left.
You didn't know any spells.
Your spell library was empty.

Inventory:

Hand Weapons
 Y - a +0 shortbow of chaos (weapon)
Armour
 c - a +0 leather armour (worn)
 n - a +1 helmet (worn)
Jewellery
 l - a +6 ring of strength (left hand)
Scrolls
 a - a scroll of teleportation
 b - a scroll of identify
Potions
 d - a potion of ambrosia {unknown}
 h - a potion of haste {unknown}
 j - a potion of mutation {unknown}
 m - a potion of enlightenment {unknown}
 o - a potion of curing {unknown}

Dungeon Overview and Level Annotations

Branches:
Dungeon (3/15)

Altars:

Shops:
D:1 !


Message History

As you read the scroll labelled OTOLEUH ROSE, it crumbles to dust.
You feel momentarily disoriented.
It was a scroll of revelation.
Done exploring.
1086 ||| READING scroll labelled EXZUGI HIXY.
As you read the scroll labelled EXZUGI HIXY, it crumbles to dust.
The air around you briefly surges with heat, but it dissipates.
It was a scroll of immolation.
Done exploring.
What level of the Dungeon? (default 2, ? - help)
There is a stone staircase leading down here.
You climb downwards.
You hear the sound of rushing water.
There is an entrance to a sewer on this level.
Hurry and find it before the portal rusts away!
The gnoll shouts! x3; You hear a shout!
Found 15 gold pieces and a scroll labelled OWIQAIKLIEN.
There is a stone staircase leading up here.
There are monsters nearby!
Waypoint 2 assigned to D:3.
1119 ||| PLANNING SEWER;
1119 ||| STAIRDANCE The gnoll closely misses you.
You climb upwards.
There is a stone staircase leading down here.
You shoot an arrow. The arrow barely misses the gnoll.
The gnoll closely misses you.
You shoot an arrow.
The arrow hits the gnoll but does no damage.
The gnoll seems to slow down.
The gnoll is no longer moving slowly.
You shoot an arrow.
The arrow hits the gnoll but does no damage.
The gnoll seems to speed up.
The gnoll hits you with a +2 spear of pain!
The gnoll hits you with a +2 spear of pain.
You shoot an arrow. The arrow barely misses the gnoll.
The gnoll hits you but does no damage. The gnoll barely misses you.
You shoot an arrow. The arrow hits the gnoll.
The arrow burns the gnoll.
The gnoll is lightly wounded.
The gnoll hits you with a +2 spear of pain!
The gnoll hits you with a +2 spear of pain.
You die...

#.# #.# #.# #.#
#.# #.# #.# #.#
#.# #.########
###.# #........#
#...# ########.#
....# #g# #.#.#
#@# #.#.# #.#
#.#.############.#
#................#
#...##############
#.........#
..#.#####.#
###..####.####
####.####.####


You could see a gnoll (fast).

Vanquished Creatures
  2 adders (D:2)
  2 dart slugs
  3 ball pythons
  2 endoplasms (D:2)
  A giant cockroach (D:1)
  4 goblins (D:1)
  6 hobgoblins
  2 bats
  2 frilled lizards
  3 kobolds
  A rat (D:1)
28 creatures vanquished.

Notes
Turn   | Place    | Note
-------+----------+-------------------------------------------
     0 | D:1      | qw the Gargoyle Hunter began the quest for the Orb.
     0 | D:1      | Reached XP level 1. HP: 12/12 MP: 1/1
     0 | D:1      | 0 ||| qw: Version: 0.3-a-76-g4403597
     0 | D:1      | 0 ||| qw: Game counter: 1125
     0 | D:1      | 0 ||| qw: Melee chars always use a shield: true
     0 | D:1      | 0 ||| qw: God list: Okawaru
     0 | D:1      | 0 ||| qw: Allow faded altars: false
     0 | D:1      | 0 ||| qw: Do Orc after clearing Dungeon:15 true
     0 | D:1      | 0 ||| qw: Do second Lair branch before Depths: true
     0 | D:1      | 0 ||| qw: Lair rune preference: random
     0 | D:1      | 0 ||| qw: Goals: Normal
     0 | D:1      | 0 ||| PLANNING D:1-11
   119 | D:1      | Reached XP level 2. HP: 16/17 MP: 2/2
   153 | D:1      | Found Onlugy's Distillery.
   162 | D:1      | 162 ||| SHOPLISTING potion of curing (42 gold, have 17).
   162 | D:1      | 162 ||| SHOPLISTING potion of might (56 gold, have 17).
   162 | D:1      | 162 ||| SHOPLISTING potion of mutation (112 gold, have 17).
   403 | D:1      | 403 ||| DROPPING ring of wizardry.
   404 | D:1      | 404 ||| READING 2 scrolls labelled UMNIFFO RETTOFF.
   409 | D:1      | 409 ||| READING scroll labelled MUATTI BUHANE.
   410 | D:1      | 410 ||| READING scroll labelled ANWOPH ONUJ.
   411 | D:1      | 411 ||| DROPPING scroll of butterflies.
   465 | D:2      | Reached XP level 3. HP: 21/21 MP: 3/3
   551 | D:2      | Reached skill level 5 in Ranged Weapons
  1075 | D:2      | 1075 ||| UPGRADING to +0 helmet.
  1080 | D:2      | 1080 ||| READING scroll of enchant armour.
  1080 | D:2      | 1080 ||| ENCHANTING +0 helmet.
  1081 | D:2      | 1081 ||| UPGRADING to +6 ring of strength.
  1082 | D:2      | 1082 ||| READING 2 scrolls labelled DAUNWA QY CUDO.
  1083 | D:2      | 1083 ||| READING scroll labelled ETUXEYHUSK.
  1084 | D:2      | 1084 ||| READING scroll labelled MEVOITO BEHUL.
  1085 | D:2      | 1085 ||| READING scroll labelled OTOLEUH ROSE.
  1086 | D:2      | 1086 ||| READING scroll labelled EXZUGI HIXY.
  1119 | D:3      | 1119 ||| PLANNING SEWER
  1119 | D:3      | 1119 ||| STAIRDANCE
  1125 | D:2      | HP: 1/22 [gnoll/+2 spear of pain (8)]
  1125 | D:2      | Slain by a gnoll

Levels and vault maps discovered:
D:1:      minmay_arrival_hallway, layout_rooms, serial_shops, shop
D:2:      layout_loops_ring, minmay_octomino_c4
D:3:      layout_basic, nicolae_overflow_hidden_temple, marbit_many_paths,
          serial_corexii_hall, chequers_hall_statues_wall_a,
          corexii_hall_statues_l, cheibrodos_sewer_entry_sluice, uniq_robin

Skill      XL: |  1  2  3 |
---------------+----------+-----
Ranged Weapons | 5 |  5.1
Fighting       | |  2.8
Dodging        | |  1.5
Stealth        | |  1.1

Action                     || total
---------------------------++-------
   Fire: Shortbow          ||    79
    Use: Scroll            ||     9
 Armour: Leather armour    ||    22
  Dodge: Dodged            ||    20

Table legend:
 A = Non-vault XP
 B = Vault XP
 C = Vault XP percentage of total XP
 D = Non-vault monster count
 E = Vault monster count
 F = Vault count percentage of total count
                 A         B        C        D         E       F
            +---------+---------+-------+---------+---------+-------
      Total |      58 |      16 |  21.6 |      25 |       3 |  10.7
            +---------+---------+-------+---------+---------+-------
        D:1 |      29 |       0 |   0.0 |      16 |       0 |   0.0
        D:2 |      29 |      16 |  35.6 |       9 |       3 |  25.0
            +---------+---------+-------+---------+---------+-------
